 Dungeon Crawl Stone Soup version bcrawl-1.28.5 (console) character file.

Game seed: 18183318947623580362

97689 GodsVoicemail the Conjurer (level 4, 30/30 HPs)
             Began as a Demonspawn Wizard on Feb 19, 2021.
             Quit the game on level 3 of the Dungeon.
             The game lasted 00:10:56 (2731 turns).

GodsVoicemail the Conjurer (Demonspawn Wizard)      Turns: 2731, Time: 00:10:57

Health: 30/30      AC:  2    Str:  7    XL:     4   Next: 21%
Magic:  0/8        EV: 12    Int: 20    God:
Gold:   66         SH:  0    Dex: 12    Spells: 1/9 levels left

rFire    + . .     SeeInvis .   a - +0 staff
rCold    + . .     Gourm    .   (no shield)
rNeg     . . .     Faith    .   b - +0 robe
rPois    .         Spirit   +   c - +0 hat
rElec    .         Reflect  .   (no cloak)
rCorr    .         Harm     .   (no gloves)
MR       .....                  (no boots)
Stlth    ++........             (no amulet)
HPRegen  0.10/turn              d - ring of protection from cold
MPRegen  0.11/turn              j - ring of protection from fire

@: no status effects
A: hooves 1, magic shield
a: no special abilities


You were on level 3 of the Dungeon.
You were near starving.

You visited 1 branch of the dungeon, and saw 3 of its levels.

You collected 66 gold pieces.

Inventory:

Hand Weapons
 a - a +0 staff (weapon)
Armour
 b - a +0 robe (worn)
 c - a +0 hat (worn)
 h - a +0 helmet
Jewellery
 d - a ring of protection from cold (left hand)
 j - a ring of protection from fire (right hand)
Scrolls
 g - 3 scrolls of identify
 i - a scroll of enchant armour {unknown}
 n - a scroll of remove curse {unknown}
Potions
 f - a potion of brilliance
 k - a potion of curing {unknown}
 l - a potion of agility {unknown}
 m - 2 potions of ambrosia {unknown}
Comestibles
 e - 5 rations {!d}


   Skills:
 - Level 1.7 Dodging
 - Level 2.0 Stealth
 - Level 3.0 Spellcasting
 * Level 4.1 Conjurations
 - Level 1.0 Summonings
 - Level 0.8 Translocations


You had one spell level left.
You knew the following spells:

 Your Spells              Type           Power        Failure   Level  Hunger
a - Magic Dart            Conj           ###.         2%          1    None
b - Blink                 Tloc           N/A          16%         2    #......
c - Mephitic Cloud        Conj/Pois/Air  #.......     24%         3    ####...
e - Call Imp              Summ           #.....       14%         2    #......

Your spell library contained the following spells:

 Spells                   Type           Power        Failure   Level  Hunger
 Conjure Flame            Conj/Fire      ##......     19%         3    ####...
 Spider Form              Tmut/Pois      #..          38%         3    ####...


Dungeon Overview and Level Annotations

Branches:
Dungeon (3/12)

Altars:

Annotations:
D:2 exclusions: downstairs, phantom and 1 more exclusion
D:3 exclusions: gnoll, orc priest, 2 upstairs and 2 more exclusions


Innate Abilities, Weirdness & Mutations

You have large cloven feet.
When hurt, damage is shared between your health and your magic reserves.


Message History

You barely miss the orc wizard.
You kick the orc wizard, but do no damage.
The orc wizard is severely wounded.
You hit the orc wizard.
The orc wizard is almost dead.
Casting: Magic Dart (safe; 3% risk of failure)
Confirm with . or Enter, or press ? or * to list all spells.
Aiming: Magic Dart (safe; 3% risk of failure)
Press: ? - help, Shift-Dir - straight line, f/p - orc wizard
Aim: an orc wizard, wielding a +0 dagger and wearing a cursed +0 robe (almost dead, confused)
The magic dart hits the orc wizard.
You kill the orc wizard!
Your Conjurations skill increases to level 4!
You have reached level 4!
You feel agile.
Your demonic ancestry asserts itself...
You feel your magical essence form a protective shroud around your flesh.
Things that are here:
a +0 dagger; a cursed +0 robe There isn't anything to butcher here.
Are you sure you want to abandon this character and quit the game? (Confirm with "yes".)

#<..#######.######
##.## #^.....# ### #.#
#####.#.# #.. #.#
####.###.####.. #.#
#...## ##...... #.#
#.##.###.###### #.#
#.###.#.## #.########.#
##W## #......@...# #.#
#..######### #.# #..#
#.#
..........###########.#
..[..#.........W......#
.... #........#########
##. .......... #
##..#.###o# ...#.# #.#
##


There were no monsters in sight!

Vanquished Creatures
  An orc wizard (D:3)
  An adder (D:3)
  An ooze (D:1)
  A worm (D:2)
  A dart slug (D:2)
  A leopard gecko (D:1)
  3 giant cockroaches
  10 hobgoblins
  3 jackals
  6 kobolds
  A ball python (D:1)
  3 bats
  3 frilled lizards
  A goblin (D:1)
  2 rats
38 creatures vanquished.

Notes
Turn   | Place    | Note
-------+----------+-------------------------------------------
     0 | D:1      | GodsVoicemail the Demonspawn Wizard began the quest for the
                  | Orb.
     0 | D:1      | Reached XP level 1. HP: 13/13 MP: 4/4
   243 | D:1      | Reached skill level 2 in Conjurations
   243 | D:1      | Gained mutation: You have large cloven feet. [demonic
                  | ancestry]
   243 | D:1      | Reached XP level 2. HP: 19/19 MP: 0/6
  1223 | D:2      | Reached skill level 3 in Conjurations
  1282 | D:2      | Reached XP level 3. HP: 24/24 MP: 2/7
  1570 | D:2      | HP: 1/24 [hobgoblin/+0 club (5)]
  2334 | D:3      | Noticed a phantom
  2360 | D:3      | Learned a level 2 spell: Blink
  2364 | D:3      | Learned a level 3 spell: Mephitic Cloud
  2367 | D:3      | Learned a level 2 spell: Call Imp
  2730 | D:3      | Reached skill level 4 in Conjurations
  2730 | D:3      | Gained mutation: When hurt, damage is shared between your
                  | health and your magic reserves. [demonic ancestry]
  2730 | D:3      | Reached XP level 4. HP: 30/30 MP: 0/8
  2731 | D:3      | Quit the game

Skill      XL: |  1  2  3 |
---------------+----------+-----
Conjurations   | 2 3 4 |  4.1
Dodging        | |  1.7
Stealth        | |  2.0
Spellcasting   | |  3.0
Summonings     | |  1.0
Translocations | |  0.8

Action                   |  1- 3 |  4- 6 || total
-------------------------+-------+-------++-------
Melee: Staff             |    14 |       ||    14
       Kick              |     3 |       ||     3
 Cast: Magic Dart        |   125 |       ||   125
       Mephitic Cloud    |     1 |       ||     1
 Stab: Confused          |     1 |       ||     1
  Eat: Chunk             |     6 |       ||     6
Armor: Robe              |     8 |       ||     8
Dodge: Dodged            |    31 |       ||    31
